 Dungeon Crawl Stone Soup version 0.15-a0-877-g2926600 (webtiles) character file.

70 zordlon the Shield-Bearer (level 4, -8/42 HPs)
             Began as a Deep Dwarf Fighter on May 17, 2014.
             Mangled by a gnoll
             ... wielding a +0,+0 flail
              (9 damage)
             ... on Level 2 of the Dungeon.
             The game lasted 00:09:02 (1426 turns).

zordlon the Shield-Bearer (Deep Dwarf Fighter)      Turns: 1426, Time: 00:09:02

HP  -8/42        AC  7     Str 21      XL: 4   Next:  4%
MP   4/4         EV  6     Int  8      God:
Gold 63          SH 19     Dex 12      Spells:  0 memorised,  3 levels left

rFire  + . .     SeeInvis .     a - +0 war axe
rCold  . . .     Clarity  .     n - +1 scale mail {rF+}
rNeg   . . .     Conserve .     c - +0 shield
rPois  .         rCorr    .     (no helmet)
rElec  .         rRot     .     (no cloak)
SustAb .         Spirit   .     (no gloves)
rMut   .         Warding  .     (no boots)
Gourm  .         Stasis   .     (no amulet)
MR     .....                    (no ring)
                                (no ring)

@: non-regenerating, lethally poisoned, not resistant to hostile enchantments,
extremely unstealthy
A: damage resistance, recharge devices, sense surroundings 1, slow healing 3
a: Device Recharging


You were on level 2 of the Dungeon.
You were not hungry.

You visited 1 branch of the dungeon, and saw 2 of its levels.

You collected 63 gold pieces.

Inventory:

Hand weapons
 a - a +0,+0 war axe (weapon)
 o - a +0,+0 hand axe
 q - a +0,+0 sling
 u - a +1,+1 dagger
 B - a +1,+2 short sword of holy wrath
Missiles
 h - 21 poisoned needles
 i - 43 stones (quivered)
 k - 18 sling bullets
 v - 29 darts
Armour
 b - a +0 scale mail
 c - a +0 shield (worn)
 j - a +0 leather armour
 n - a +1 scale mail of fire resistance (worn)
 s - a +1 robe
Magical devices
 d - a wand of heal wounds (5)
Comestibles
 f - 2 bread rations
 g - 2 meat rations
 r - 2 chokos
 z - a chunk of adder flesh
 A - a rotting chunk of adder flesh
Scrolls
 l - a scroll of identify
 m - a scroll of fear {unknown}
 p - a scroll of enchant weapon I {unknown}
 t - a scroll of fog {unknown}
 w - a scroll of magic mapping {unknown}
 x - a scroll of teleportation {unknown}
 y - a scroll of amnesia {unknown}
Potions
 e - a potion of might


   Skills:
 + Level 3.2 Fighting
 + Level 2.7 Axes
 + Level 3.6 Armour
 + Level 1.4 Dodging
 + Level 3.9 Shields


You had 3 spell levels left.
You didn't know any spells.

Dungeon Overview and Level Annotations

Branches:
Dungeon (2/15)

Altars:


Innate Abilities, Weirdness & Mutations

You are resistant to damage.
You can recharge devices by infusing magical energy.
You passively map a small area around you.
You do not heal naturally.


Message History

The adder bites you.
* * * LOW HITPOINT WARNING * * *
The gnoll hits you but does no damage. The adder bites you but does no damage.
The gnoll hits you from afar with a spear.
* * * LOW HITPOINT WARNING * * *
Unknown command.
You slash the adder!
You kill the adder!
You have reached level 4!
You feel stronger. The gnoll barely misses you.
Your shield and scale mail prevent you from hitting the gnoll.
The gnoll hits you but does no damage. You block the gnoll's attack.
You block the gnoll's attack.
You closely miss the gnoll. You block the gnoll's attack.
The gnoll hits you but does no damage. You block the gnoll's attack.
You hit the gnoll.
The gnoll is lightly wounded.
The gnoll hits you with a flail!
You die...

##...# ###..### #...## *
* * ####%########## , .
#.............# , ...
#.............# g?.. ,
#.............# ,.....
,,
#............g##......?
*#..........<.@gg.......
#.............#........
+.............##...... ,
#.............#*...... *
#.............# .....
############### .... ,
..,, , * #


You could see 3 gnolls.

Vanquished Creatures
  A gnoll (D:2)
  3 adders (D:2)
  A giant mite (D:1)
  2 giant geckos (D:1)
  5 bats
  A goblin (D:2)
  2 hobgoblins
  5 jackals
  A quokka (D:2)
  2 giant newts
  4 kobolds
27 creatures vanquished.

Notes
Turn   | Place    | Note
--------------------------------------------------------------
     0 | D:1      | zordlon, the Deep Dwarf Fighter, began the quest for the Orb.
     0 | D:1      | Reached XP level 1. HP: 20/20 MP: 1/1
    88 | D:1      | Reached XP level 2. HP: 22/28 MP: 2/2
  1119 | D:2      | Reached XP level 3. HP: 24/34 MP: 3/3
  1249 | D:2      | Reached skill level 1 in Dodging
  1422 | D:2      | HP: 1/34 [gnoll/spear (5)]
  1423 | D:2      | Reached XP level 4. HP: 1/42 MP: 4/4
  1426 | D:2      | Mangled by a gnoll

Action                   |  1- 3 |  4- 6 || total
-------------------------+-------+-------++-------
Melee: War axe           |    97 |     3 ||   100
  Use: Scroll            |     1 |       ||     1
